 Dungeon Crawl Stone Soup version 0.23-a0-703-gdf2d5e0 (webtiles) character file.

763 Lilu the Magician (level 7, -1/36 HPs)
             Began as a Deep Elf Conjurer on Jan 13, 2019.
             Was a Believer of Vehumet.
             Killed from afar by a white imp (11 damage)
             ... with a puff of frost
             ... summoned by Eustachio
             ... on level 4 of the Dungeon.
             The game lasted 00:16:03 (5878 turns).

Lilu the Magician (Deep Elf Conjurer)               Turns: 5878, Time: 00:16:03

Health: -1/36      AC:  3    Str:  5    XL:     7   Next: 51%
Magic:  4/19       EV: 14    Int: 22    God:    Vehumet [**....]
Gold:   217        SH:  0    Dex: 15    Spells: 17/20 levels left

rFire    . . .     SeeInvis .   j - +2 dagger (freeze)
rCold    . . .     Gourm    .   (no shield)
rNeg     . . .     Faith    .   m - +0 leather armour
rPois    .         Spirit   .   (no helmet)
rElec    .         Reflect  .   (no cloak)
rCorr    .         Harm     .   (no gloves)
MR       .....                  (no boots)
Stlth    ++........             (no amulet)
HPRegen  0.12/turn              (no ring)
MPRegen  0.16/turn              (no ring)

@: no status effects
A: no striking features
a: Renounce Religion


You were on level 4 of the Dungeon.
You worshipped Vehumet.
Vehumet was pleased with you.
You were not hungry.

You visited 1 branch of the dungeon, and saw 4 of its levels.
You also visited: Sewer.

You collected 217 gold pieces.

Inventory:

Hand Weapons
 j - a +2 dagger of freezing (weapon)
 k - a +0 blowgun
 q - a +4 hunting sling
 B - a +7 club
Missiles
 l - 17 poisoned needles
 r - 76 stones (quivered)
Armour
 m - a +0 leather armour (worn)
 C - a +1 ring mail of positive energy
Wands
 b - a wand of enslavement (5)
 z - a wand of iceblast (10)
Scrolls
 d - a scroll of magic mapping
 e - 3 scrolls of remove curse
 g - 7 scrolls of identify
 h - a scroll of blinking {unknown}
 t - 3 scrolls of teleportation {unknown}
 w - a scroll of immolation
 x - a scroll of fog {unknown}
 y - a scroll of enchant weapon {unknown}
Potions
 f - a potion of flight
 i - a potion of heal wounds {unknown}
 n - 2 potions of magic {unknown}
 o - a potion of berserk rage {unknown}
 p - 3 potions of curing {unknown}
 s - a potion of mutation {unknown}
 u - a potion of agility {unknown}
 v - a potion of resistance {unknown}
 A - a potion of degeneration {unknown}
Comestibles
 a - a chunk of flesh
 c - 11 rations


   Skills:
 + Level 6.2 Dodging
 - Level 2.4 Stealth
 + Level 7.0 Spellcasting
 + Level 6.9 Conjurations


You had 17 spell levels left.
You knew the following spells:

 Your Spells              Type           Power        Failure   Level  Hunger
a - Magic Dart            Conj           ####         1%          1    None
b - Searing Ray           Conj           #####.       1%          2    None

Your spell library contained the following spells:

 Spells                   Type           Power        Failure   Level  Hunger
 Sandblast                Erth           #.....       14%         1    None
 Iskenderun's Mystic Bla  Conj           #####...     8%          4    ###....
 Dazzling Spray           Conj/Hex       ###...       10%         3    None
 Force Lance              Conj/Tloc      ###.....     32%         4    ###....
 Fulminant Prism          Conj/Hex       ###.......   32%         4    ###....


Dungeon Overview and Level Annotations

Branches:
Dungeon (4/15)             Temple (0/1) D:4

Altars:
Dithmenos
Okawaru
Uskayaw
Vehumet

Annotations:
D:4 Eustachio


Message History

Eustachio gestures wildly while chanting.
Eustachio blinks!
The searing ray hits the iron imp.
You kill the iron imp!
The white imp hits you. The white imp freezes you.
The quokka closely misses you.
Eustachio utters an oath, "I will die for my friends!"
The iron imp completely misses you. The rat misses you.
The white imp barely misses you. The quokka barely misses you.
The quokka closely misses you. The rat bites you.
* * * LOW HITPOINT WARNING * * *
The white imp closely misses you. The quokka barely misses you.
Okay, then.
Okay, then.
Okay, then.
Your +2 dagger of freezing glows with a cold blue light!
j - a +2 dagger of freezing (weapon)
The white imp gestures at you. The puff of frost hits you!
You die...

..........#......#,............#
..........#......#...?.........#
..........#......#.............#
..........#......#.............#
##...######......##......###...#
.#...#.......##'###......###...#
.#...#.......#.r...............#
.#...#.......#.r5..............#
.'...#.......#5r@.@............#
.##+##.......#'#####'#######'####
.......#####....................#
.......'...#.........<..........#
.......#...#....................#
.......#...#....................#
.......#+###...............>....#
###'#.....##########'############
#...#.....#......#.........#...#


You could see Eustachio, an iron imp, a white imp, 2 quokkas and a rat.

Vanquished Creatures
  A phantom (D:4)
  2 orc priests (D:4)
  2 bullfrog skeletons (D:4)
  A centaur skeleton (D:4)
  2 hounds (D:4)
  2 orc wizards (D:4)
  Jessica (D:3)
  Ijyb (D:4)
  2 worker ants (D:4)
  8 adders
  4 gnolls
  7 river rats
  An ooze (D:4)
  2 worms
  A dart slug (D:1)
  8 leopard geckos
  10 orcs
  3 ball pythons
  2 giant cockroaches
  12 goblins
  11 hobgoblins
  4 jackals (D:1)
  11 kobolds
  A quokka (D:4)
  10 bats
  12 frilled lizards
  12 rats
133 creatures vanquished.

Notes
Turn   | Place    | Note
-------+----------+-------------------------------------------
     0 | D:1      | Lilu the Deep Elf Conjurer began the quest for the Orb.
     0 | D:1      | Reached XP level 1. HP: 10/10 MP: 6/6
   333 | D:1      | Reached XP level 2. HP: 11/15 MP: 4/8
   597 | D:1      | Learned a level 2 spell: Searing Ray
   831 | D:1      | Reached XP level 3. HP: 19/19 MP: 7/10
  1267 | D:1      | Reached skill level 4 in Spellcasting
  1452 | D:1      | Reached skill level 5 in Conjurations
  1631 | D:2      | Reached XP level 4. HP: 19/24 MP: 9/12
  1940 | D:2      | Found a radiant altar of Vehumet.
  2078 | D:3      | Found a hide-covered altar of Uskayaw.
  2597 | D:2      | Became a worshipper of Vehumet
  2628 | D:3      | Noticed Jessica
  2641 | D:3      | Killed Jessica
  2641 | D:3      | Reached XP level 5. HP: 18/28 MP: 11/14
  3016 | D:3      | Reached skill level 5 in Spellcasting
  3721 | D:4      | Found a shadowy altar of Dithmenos.
  3747 | D:4      | Reached * piety under Vehumet
  3747 | D:4      | Offered knowledge of Sting by Vehumet.
  3750 | D:4      | Found a glowing drain.
  3809 | Sewer    | Entered a sewer
  4033 | Sewer    | Reached XP level 6. HP: 15/32 MP: 13/16
  4546 | D:4      | Found an iron altar of Okawaru.
  4564 | D:4      | Reached skill level 5 in Dodging
  4599 | D:4      | Reached skill level 6 in Spellcasting
  4726 | D:4      | Offered knowledge of Sandblast by Vehumet.
  4790 | D:4      | Noticed Eustachio
  4871 | D:4      | Found a staircase to the Ecumenical Temple.
  4901 | D:4      | Reached ** piety under Vehumet
  4958 | D:4      | Reached XP level 7. HP: 28/36 MP: 13/18
  5108 | D:4      | HP: 1/36 [orc wizard/magic dart (5)]
  5594 | D:4      | Noticed Ijyb
  5606 | D:4      | Killed Ijyb
  5736 | D:4      | Reached skill level 7 in Spellcasting
  5878 | D:4      | Killed from afar by a white imp

Vault maps used:
D:1:      minmay_arrival_cross
D:2:      nicolae_overflow_hidden_temple
D:3:      cheibrodos_greedy_goblins, nicolae_overflow_crystal_walls,
          chequers_serial_rivers_small_a, uniq_jessica
D:4:      lemuel_round_altar, minmay_temple_entry_ruins, portal_sewer_entry_b,
          first_ration, corexii_leaking_fountain, okawaru_ov_weapons_minmay,
          uniq_ijyb, uniq_eustachio
Sewer:    sewer_co_cracked_pipes

Skill      XL: |  1  2  3  4  5  6  7 |
---------------+----------------------+-----
Dodging        | 3 4 5 6 |  6.2
Spellcasting   | 4 5 6 7 |  7.0
Conjurations   | 5 6 |  6.9
Stealth        | |  2.4

Action                   |  1- 3 |  4- 6 |  7- 9 || total
-------------------------+-------+-------+-------++-------
Melee: Unarmed           |       |     7 |       ||     7
       Dagger            |       |     1 |       ||     1
 Fire: Hunting sling     |       |    96 |    18 ||   114
 Cast: Magic Dart        |    66 |    47 |     2 ||   115
       Searing Ray       |     1 |    23 |    20 ||    44
  Use: Scroll            |       |     5 |       ||     5
 Stab: Distracted        |       |     1 |       ||     1
  Eat: Chunk             |     2 |    10 |     3 ||    15
Armor: Robe              |     5 |    37 |       ||    42
       Leather armour    |       |     5 |     9 ||    14
Dodge: Dodged            |    21 |   156 |    33 ||   210

Table legend:
 A = Non-vault XP
 B = Vault XP
 C = Vault XP percentage of total XP
 D = Non-vault monster count
 E = Vault monster count
 F = Vault count percentage of total count
                 A         B        C        D         E       F
            +---------+---------+-------+---------+---------+-------
      Total |     873 |     218 |  20.0 |      97 |      36 |  27.1
            +---------+---------+-------+---------+---------+-------
        D:1 |      78 |       0 |   0.0 |      28 |       0 |   0.0
        D:2 |     106 |       0 |   0.0 |      20 |       0 |   0.0
        D:3 |      57 |      55 |  49.1 |      23 |      10 |  30.3
        D:4 |     632 |      65 |   9.3 |      26 |       5 |  16.1
      Sewer |       0 |      98 | 100.0 |       0 |      21 | 100.0
            +---------+---------+-------+---------+---------+-------
